Map: Terrasses de Prion

Players

Koria - Winner!

  • Race: Terran Terran
  • League: Silver

pupu

  • Race: Protoss Protoss
  • League: Silver

VOD

Have the link to the VOD?

Description

Time

  • Played on: April 11, 2016, 10:17 a.m.
  • Length: 10:47
Show
View Real Time Build Order
Export as new Build Order

Koria Terran - Winner!

Build Orders: MMM Bio 

Get SALT Encoding   

  12  0:01  SCV  
  13  0:13  SCV  
  14  0:24  Supply Depot  
  14  0:25  SCV  
  15  0:45  SCV  
  15  0:49  Barracks  
  16  1:00  Supply Depot, SCV  
  17  1:12  SCV  
  17  1:16  Refinery  
  18  1:24  SCV  
  19  1:39  Command Center  
  19  1:40  Marine  
  20  1:48  Orbital Command  
  20  1:58  Marine  
  21  2:19  SCV  
  22  2:23  Barracks  
  22  2:27  Marine  
  23  2:41  Refinery  
  23  2:44  SCV  
  23  2:45  Engineering Bay  
  24  2:51  Orbital Command  
  24  2:56  Marine, SCV  
  24  2:57  Barracks  
  26  3:08  SCV  
  27  3:14  Marine  
  28  3:20  Engineering Bay  
  28  3:29  SCV x2  
  30  3:44  Missile Turret  
  30  3:48  Missile Turret  
  30  3:50  Barracks Tech Lab  
  30  3:51  Barracks Reactor  
  30  3:59  Barracks Reactor  
  30  4:02  Factory  
  30  4:03  SCV x2  
  30  4:04  Missile Turret  
  30  4:09  Missile Turret  
  32  4:11  Terran Infantry Weapons Level 1  
  32  4:15  SCV  
  32  4:16  SCV  
  34  4:28  SCV  
  34  4:29  Refinery, SCV  
  36  4:34  Refinery  
  36  4:40  Marine x3, SCV  
  36  4:41  SCV  
  36  4:43  Terran Infantry Armor Level 1  
  36  4:44  Stimpack  
  36  4:45  Marine x2  
  43  4:54  Supply Depot  
  43  4:55  Supply Depot  
  43  4:57  Marine  
  43  4:58  Marine x2  
  46  5:00  Factory Tech Lab  
  46  5:08  Starport  
  46  5:15  Marine x4, SCV  
  46  5:16  Marine  
  46  5:18  Supply Depot  
  46  5:19  Supply Depot  
  52  5:31  SCV  
  53  5:47  Starport Tech Lab  
  53  5:49  Supply Depot, Armory  
  53  5:50  Supply Depot  
  53  5:51  Starport Reactor  
  53  5:55  Marine x3  
  53  5:56  Marine x2  
  58  6:00  Siege Tank  
  62  6:11  Supply Depot, SCV  
  62  6:12  SCV  
  62  6:15  Supply Depot  
  62  6:16  Marine x2  
  62  6:17  Marine x2  
  67  6:19  Marine  
  67  6:23  SCV  
  67  6:24  SCV  
  70  6:27  Medivac x2  
  70  6:32  Siege Tank  
  77  6:34  Marine x3  
  77  6:35  Marine, SCV  
  77  6:36  SCV  
  78  6:45  Combat Shields  
  77  6:57  Medivac  
  79  7:05  Marine x2  
  79  7:06  Marine x3  
  79  7:08  Siege Tank  
  87  7:11  Medivac  
  89  7:23  Marine  
  89  7:27  Medivac  
  89  7:28  Marine x4  
  96  7:37  Supply Depot x3  
  96  7:41  Marine  
  96  7:43  Terran Infantry Weapons Level 2  
  97  7:46  Marine x3  
  100  8:04  Medivac  
  100  8:05  Medivac  
  104  8:08  Supply Depot  
  104  8:11  Terran Infantry Armor Level 2  
  104  8:30  Terran Vehicle Weapons Level 1  
  104  8:34  Medivac x2  
  104  8:38  Marine  
  104  8:39  Marine x4  
  113  8:42  Command Center  
  111  8:56  Marine  
  111  8:57  Marine x4  
  116  9:14  Marine x4  
  116  9:15  Marine  
  121  9:32  Marine x5  
  126  9:50  Marine  
  117  10:21  Marine  
  117  10:22  Marine x4  
Show
View Real Time Build Order
Export as new Build Order

pupu Protoss 

Build Orders: 1 Gate Expand 

Get SALT Encoding   

  12  0:01  Probe (Chrono Boost)  
  13  0:12  Probe (Chrono Boost)  
  14  0:18  Pylon  
  14  0:22  Probe (Chrono Boost)  
  15  0:36  Probe (Chrono Boost)  
  15  0:38  Gateway  
  16  0:47  Probe (Chrono Boost)  
  16  0:49  Assimilator  
  17  0:57  Probe (Chrono Boost)  
  18  1:18  Nexus  
  18  1:24  Probe (Chrono Boost)  
  19  1:33  Cybernetics Core  
  19  1:35  Probe (Chrono Boost)  
  20  1:41  Assimilator  
  20  1:46  Probe (Chrono Boost)  
  21  1:55  Pylon  
  21  1:57  Probe (Chrono Boost)  
  22  2:07  Probe (Chrono Boost)  
  23  2:11  Warp Gate (Chrono Boost)  
  23  2:14  Stalker  
  26  2:25  Mothership Core  
  27  2:31  Probe  
  28  2:42  Probe  
  29  2:46  Probe  
  29  2:51  Robotics Facility  
  30  2:53  Probe  
  30  2:58  Probe  
  32  3:03  Probe  
  33  3:06  Twilight Council  
  33  3:09  Gateway  
  33  3:11  Probe  
  34  3:14  Probe  
  34  3:19  Assimilator  
  35  3:25  Stalker, Pylon  
  37  3:30  Pylon  
  37  3:38  Forge  
  37  3:41  Probe  
  37  3:43  Probe  
  39  3:50  Charge (Chrono Boost)  
  39  3:53  Probe  
  39  3:55  Probe  
  41  4:01  Warp Prism  
  43  4:05  Probe  
  43  4:07  Probe  
  45  4:14  Pylon  
  45  4:15  Probe  
  46  4:17  Pylon  
  46  4:20  Assimilator  
  46  4:22  Probe  
  47  4:26  Probe  
  47  4:31  Protoss Ground Weapons Level 1 (Chrono Boost)  
  48  4:40  Gateway  
  48  4:44  Gateway  
  48  4:45  Probe, Photon Cannon  
  48  4:52  Photon Cannon x2  
  49  4:57  Probe  
  49  4:58  Photon Cannon  
  50  5:06  Pylon  
  50  5:16  Blink  
  50  5:17  Gateway  
  50  5:20  Pylon  
  50  5:22  Pylon  
  50  5:27  Immortal  
  54  5:35  Zealot x2  
  58  5:47  Probe, Gateway  
  58  5:48  Probe  
  60  5:50  Gateway  
  60  5:52  Gateway  
  60  5:59  Pylon  
  60  6:01  Zealot x2  
  64  6:04  Pylon  
  64  6:12  Immortal  
  68  6:36  Zealot x5  
  64  6:52  Immortal  
  64  6:58  Probe x2  
  66  7:02  Adept x2  
  66  7:03  Adept x3  
  76  7:10  Zealot  
  76  7:11  Zealot x2  
  82  7:19  Nexus  
  82  7:21  Resonating Glaives  
  82  7:22  Pylon  
  82  7:24  Pylon  
  82  7:25  Probe x2  
  84  7:32  Dark Shrine  
  85  7:37  Probe x2  
  85  7:41  Protoss Ground Armor Level 1 (Chrono Boost)  
  85  7:42  Immortal  
  90  7:46  Sentry x3  
  96  8:05  Zealot x2  
  98  8:06  Zealot  
  98  8:07  Zealot  
  98  8:08  Zealot  
  98  8:10  Zealot  
  98  8:11  Zealot  
  96  8:57  Zealot x6  
  96  8:58  Zealot x2  
  96  9:00  Immortal  
  96  9:01  Probe x2  
  96  9:02  Probe  
  119  9:18  Assimilator  
  119  9:21  Pylon  
  119  9:22  Dark Templar x2  
  119  9:23  Pylon  
  123  9:24  Dark Templar  
  123  9:25  Pylon  
  123  9:27  Probe  
  123  9:29  Archon  
  126  9:43  Dark Templar  
  126  9:44  Dark Templar x3  
  134  9:47  Archon  
  134  9:48  Archon  
  123  10:00  Zealot x3  
  123  10:01  Zealot  
  77  10:20  Dark Templar x5  
  77  10:21  Dark Templar  
Tags
 
Add a new tag
Caveats
  • Supply blocks, unpowered buildings, or Contaminate may cause inaccurate times.
  • Supply counts are checked every 10 seconds.